[Event "ICC tourney 2532 (25 5)"]
[Site "Internet Chess Club"]
[Date "2021.04.24"]
[Round "1"]
[White "HAUPTMAN, JACK:K12-15575055"]
[Black "VILLASENOR, ERIK:K12-14984325"]
[Result "1-0"]
[ICCResult "Black resigns"]
[WhiteElo "1916"]
[BlackElo "851"]
[Opening "QGD: Capablanca-Duras variation"]
[ECO "D30"]
[NIC "QP.08"]
[Time "11:02:23"]
[PlyCount "109"]
[TimeControl "1500+5"]

1. d4 d5 2. c4 e6 3. Nf3 Nf6 4. Bg5 h6 5. Bh4 Bd6 6. e3 Nc6 7. Nc3 dxc4 8.
Bxc4 O-O 9. O-O a6 10. e4 e5 11. d5 Na5 12. Be2 Bg4 13. a3 Bxf3 14. Bxf3
Nc4 15. Qc2 Be7 16. Be2 Nd6 17. Rac1 Nxd5 18. Nxd5 Bxh4 19. Qxc7 Bg5 20.
Rcd1 Rc8 21. Qxd8 Rfxd8 22. Bd3 Nc4 23. Bxc4 Rxc4 24. Rfe1 Rc2 25. b4 Ra2
26. g3 Rxa3 27. h4 Bf6 28. Nxf6+ gxf6 29. Rxd8+ Kg7 30. Rc1 f5 31. exf5 b5
32. Rb1 Rc3 33. Rd5 e4 34. Kg2 h5 35. Ra1 Rc2 36. Rxa6 e3 37. Kf1 Rc1+ 38.
Ke2 Rb1 39. fxe3 Rxb4 40. Rb6 Rb2+ 41. Kf3 b4 42. Rdb5 Rb3 43. Rxb4 Rxb4
44. Rxb4 Kf6 45. e4 Ke5 46. Rb5+ Kf6 47. Rb6+ Ke5 48. Rh6 f6 49. Rxh5 Kd6
50. Rh8 Ke7 51. Rg8 Kf7 52. Rg6 Ke7 53. h5 Kf7 54. h6 Kf8 55. h7 { Black
resigns } 1-0

[Event "ICC tourney 2532 (25 5)"]
[Site "Internet Chess Club"]
[Date "2021.04.24"]
[Round "1"]
[White "SG NATHAN, NITISH:K12-15494283"]
[Black "SELVARAJ, SUREKHA:K12-15017163"]
[Result "1-0"]
[ICCResult "Black checkmated"]
[WhiteElo "1941"]
[BlackElo "853"]
[Opening "Queen's pawn, Mason variation"]
[ECO "D00"]
[NIC "QP.08"]
[Time "11:01:12"]
[PlyCount "105"]
[TimeControl "1500+5"]

1. d4 d5 2. Bf4 Nc6 3. e3 Bf5 4. Bd3 Qd7 5. Nf3 Nf6 6. Ne5 Nxe5 7. Bxe5 Ne4
8. Nd2 e6 9. Nxe4 dxe4 10. Be2 O-O-O 11. c3 f6 12. Bg3 e5 13. dxe5 Qxd1+
14. Rxd1 Rxd1+ 15. Bxd1 fxe5 16. Bxe5 Bc5 17. Bb3 Rd8 18. Bxg7 Bg4 19. Bd4
Bxd4 20. cxd4 Rd6 21. Kd2 c5 22. Rc1 b6 23. Ke1 Kb8 24. dxc5 bxc5 25. Rxc5
Rh6 26. h3 Bf5 27. Rxf5 Rc6 28. Rf8+ Kc7 29. Rf7+ Kb6 30. Kd2 Rd6+ 31. Kc1
Rc6+ 32. Bc2 h5 33. Kb1 a5 34. Bxe4 Rc7 35. Rf5 Rd7 36. Rxh5 Rd1+ 37. Kc2
Rf1 38. Rf5 Re1 39. Kd2 Ra1 40. a3 Ra2 41. Kc1 Ra1+ 42. Bb1 a4 43. h4 Kc6
44. h5 Kd6 45. h6 Ke6 46. Rf4 Ke5 47. h7 Kd5 48. h8=Q Kc5 49. Qe5+ Kc6 50.
Rf6+ Kd7 51. Rd6+ Kc7 52. Qe7+ Kc8 53. Rd8# { Black checkmated } 1-0

[Event "ICC tourney 2532 (25 5)"]
[Site "Internet Chess Club"]
[Date "2021.04.24"]
[Round "1"]
[White "WANG, JUSTIN:K12-14930904"]
[Black "MUTHUPANDIYAN, SHIV:K12-15901317"]
[Result "1-0"]
[ICCResult "Black checkmated"]
[WhiteElo "2540"]
[BlackElo "1266"]
[Opening "Queen's pawn"]
[ECO "A96"]
[NIC "QO.17"]
[Time "11:02:21"]
[PlyCount "87"]
[TimeControl "1500+5"]

1. d4 e6 2. Nf3 f5 3. c4 Nf6 4. Nc3 Be7 5. g3 O-O 6. Bg2 d6 7. O-O Nbd7 8.
Qc2 Qe8 9. e4 Nxe4 10. Nxe4 fxe4 11. Qxe4 Bf6 12. Bd2 e5 13. Rae1 Qf7 14.
dxe5 Nxe5 15. Nxe5 Bxe5 16. b3 c6 17. f4 Bf6 18. Qd3 Be7 19. Be4 g6 20. f5
Bxf5 21. Bh6 d5 22. Bxf5 Bc5+ 23. Kg2 gxf5 24. Bxf8 Rxf8 25. Re5 dxc4 26.
Qxc4 Qxc4 27. bxc4 Bd4 28. Rexf5 Rxf5 29. Rxf5 a6 30. a4 Kg7 31. Kf3 Kg6
32. Ke4 Bg1 33. h4 h6 34. g4 Bb6 35. h5+ Kg7 36. Rf3 Bc7 37. Rd3 Ba5 38.
Kf5 Bb4 39. Rd7+ Kg8 40. Rxb7 a5 41. Kg6 Ba3 42. Rb8+ Bf8 43. c5 Kh8 44.
Rxf8# { Black checkmated } 1-0

[Event "ICC tourney 2532 (25 5)"]
[Site "Internet Chess Club"]
[Date "2021.04.24"]
[Round "1"]
[White "NIRAG SHAH, ARYA:K12-17096474"]
[Black "SAI BOLLU, RIKHIL:K12-15376418"]
[Result "1-0"]
[ICCResult "Black checkmated"]
[WhiteElo "1975"]
[BlackElo "922"]
[Opening "Queen's pawn, Mason variation"]
[ECO "D00"]
[NIC "QP.08"]
[Time "11:02:03"]
[PlyCount "41"]
[TimeControl "1500+5"]

1. d4 d5 2. Bf4 Nf6 3. e3 Be6 4. Nf3 c6 5. Bd3 Qb6 6. O-O Qxb2 7. Nbd2 Qb6
8. Rb1 Qa5 9. Qe2 Nbd7 10. Rxb7 c5 11. Nb3 Qa3 12. Bb5 c4 13. Nc5 a6 14.
Bc6 Rc8 15. Ne5 Kd8 16. Nxe6+ fxe6 17. Bxd7 Nxd7 18. Rxd7+ Ke8 19. Qg4 g6
20. Qxe6 Rg8 21. Qf7# { Black checkmated } 1-0

[Event "ICC tourney 2532 (25 5)"]
[Site "Internet Chess Club"]
[Date "2021.04.24"]
[Round "1"]
[White "MCCANN, ANDREW:K12-15045914"]
[Black "KIM, GUNN:K12-16270570"]
[Result "0-1"]
[ICCResult "White checkmated"]
[WhiteElo "392"]
[BlackElo "1640"]
[Opening "Sicilian: Taimanov (Bastrikov) variation"]
[ECO "B47"]
[NIC "SI.40"]
[Time "11:01:21"]
[PlyCount "70"]
[TimeControl "1500+5"]

1. e4 c5 2. Nf3 e6 3. d4 cxd4 4. Nxd4 Nc6 5. Nc3 Qc7 6. Be2 Nf6 7. O-O a6
8. Be3 Bb4 9. Bf3 Ne5 10. Bf4 d6 11. Qd2 Nxf3+ 12. Nxf3 e5 13. Bg5 Bxc3 14.
Qxc3 Qxc3 15. bxc3 Nxe4 16. c4 Bg4 17. h4 Bxf3 18. gxf3 Nxg5 19. hxg5 h6
20. gxh6 Rxh6 21. Rfd1 Rc8 22. Rab1 Rxc4 23. Rxb7 Rxc2 24. a4 Rg6+ 25. Kf1
Rc5 26. Rb6 d5 27. Rb8+ Ke7 28. Rb7+ Ke6 29. Re1 Rc6 30. Rb8 Kf5 31. Re8 f6
32. Rd1 d4 33. Rd3 Rc1+ 34. Ke2 Rc2+ 35. Ke1 Rg1# { White checkmated } 0-1

[Event "ICC tourney 2532 (25 5)"]
[Site "Internet Chess Club"]
[Date "2021.04.24"]
[Round "1"]
[White "R PANUELOS, MIKE:K12-15240866"]
[Black "CHOI YOO, EUGENE:K12-14862820"]
[Result "0-1"]
[ICCResult "White checkmated"]
[WhiteElo "1137"]
[BlackElo "2191"]
[Opening "Bogo-Indian defense, Nimzovich variation"]
[ECO "E11"]
[NIC "QI.01"]
[Time "11:01:51"]
[PlyCount "56"]
[TimeControl "1500+5"]

1. d4 Nf6 2. Nf3 e6 3. c4 Bb4+ 4. Bd2 Qe7 5. a3 Bxd2+ 6. Nfxd2 d6 7. Nc3
O-O 8. e4 Nc6 9. Nf3 e5 10. d5 Nb8 11. c5 dxc5 12. Bc4 Ne8 13. h4 Nd6 14.
b3 a6 15. a4 Bg4 16. Be2 Nd7 17. O-O Bxf3 18. Bxf3 Qxh4 19. g3 Qg5 20. Kg2
g6 21. Rh1 f5 22. exf5 Qxf5 23. Bg4 Qxf2+ 24. Kh3 Nf6 25. Be6+ Kg7 26. Ra2
Nfe4 27. Nxe4 Nxe4 28. Rh2 Qxg3# { White checkmated } 0-1

[Event "ICC tourney 2532 (25 5)"]
[Site "Internet Chess Club"]
[Date "2021.04.24"]
[Round "1"]
[White "HUANG, ANDY:K12-14633373"]
[Black "H WILLIAMS, JOSHUA:K12-14759594"]
[Result "0-1"]
[ICCResult "White resigns"]
[WhiteElo "2334"]
[BlackElo "1217"]
[Opening "Réti: Nimzovich-Larsen attack"]
[ECO "A06"]
[NIC "QP.09"]
[Time "11:01:46"]
[PlyCount "66"]
[TimeControl "1500+5"]

1. Nf3 d5 2. b3 Bf5 3. Bb2 Nf6 4. e3 e6 5. c4 c6 6. Be2 Bg4 7. h3 Bh5 8.
O-O Bd6 9. a3 O-O 10. Nc3 Nbd7 11. b4 Bxf3 12. gxf3 Nh5 13. f4 Nxf4 14.
exf4 Bxf4 15. d4 Qg5+ 16. Kh1 Qh4 17. Qd3 e5 18. Qf5 Nf6 19. dxe5 g6 20.
Qd3 dxc4 21. Qf3 Bxe5 22. Rad1 Rad8 23. Rxd8 Rxd8 24. Rd1 Rxd1+ 25. Nxd1
Bxb2 26. Nxb2 b5 27. Nd1 Nd5 28. Ne3 Qd4 29. Nxd5 cxd5 30. Qe3 Qxe3 31.
fxe3 Kg7 32. Bf3 Kf6 33. Bxd5 Ke5 { White resigns } 0-1

[Event "ICC tourney 2532 (25 5)"]
[Site "Internet Chess Club"]
[Date "2021.04.24"]
[Round "1"]
[White "VINAY HIREMATH, ROMIR:K12-16455165"]
[Black "GRABINSKY, JOSHUA:K12-14729181"]
[Result "0-1"]
[ICCResult "White resigns"]
[WhiteElo "1191"]
[BlackElo "2315"]
[Opening "Queen's pawn: London system"]
[ECO "A45"]
[NIC "QP.07"]
[Time "11:02:23"]
[PlyCount "96"]
[TimeControl "1500+5"]

1. d4 Nf6 2. Bf4 d5 3. e3 c5 4. c3 Nc6 5. Nd2 Bf5 6. Ngf3 e6 7. Bb5 Qb6 8.
Bxc6+ bxc6 9. Qb3 c4 10. Qxb6 axb6 11. O-O Nh5 12. Bg3 Nxg3 13. hxg3 h5 14.
Rfe1 Be7 15. e4 Bg4 16. Nh2 dxe4 17. Nxg4 hxg4 18. Nxe4 Ra5 19. a3 Rah5 20.
Kf1 Kd7 21. Nd2 b5 22. a4 Ra8 23. Ke2 Rb8 24. axb5 cxb5 25. Ra7+ Ke8 26.
Rea1 e5 27. Ra8 Rxa8 28. Rxa8+ Kd7 29. Ra7+ Ke8 30. d5 e4 31. Ra8+ Bd8 32.
d6 Rd5 33. Ra6 Bg5 34. Nf1 Bc1 35. Ne3 Rd3 36. Nxg4 f6 37. Ra7 Bxb2 38.
Rxg7 Bxc3 39. Re7+ Kd8 40. Rxe4 f5 41. Ne5 fxe4 42. Nxd3 exd3+ 43. Kd1 b4
44. Kc1 b3 45. f4 Bd4 46. f5 c3 47. d7 c2 48. g4 Bc3 { White resigns } 0-1

[Event "ICC tourney 2532 (25 5)"]
[Site "Internet Chess Club"]
[Date "2021.04.24"]
[Round "1"]
[White "ESPINOSA, PEDRO:K12-14987738"]
[Black "KUMAR TIBREWAL, AYUSH:K12-14952527"]
[Result "1-0"]
[ICCResult "Black checkmated"]
[WhiteElo "2200"]
[BlackElo "1152"]
[Opening "two knights defense: Ulvestad variation"]
[ECO "C57"]
[NIC "KP.01"]
[Time "11:01:38"]
[PlyCount "147"]
[TimeControl "1500+5"]

1. e4 e5 2. Nf3 Nc6 3. Bc4 Nf6 4. Ng5 d5 5. exd5 b5 6. Bf1 Nxd5 7. Bxb5 Bb7
8. d4 Qf6 9. Nf3 Bd6 10. dxe5 Bxe5 11. Qxd5 O-O 12. O-O Rfe8 13. Bg5 Qg6
14. Bxc6 Qxc6 15. Qxc6 Bxc6 16. Nxe5 Rxe5 17. Be3 Re6 18. Nc3 Rb8 19. b3 a5
20. Rad1 h6 21. Rd4 g5 22. Rfd1 f5 23. Rd8+ Rxd8 24. Rxd8+ Kf7 25. g3 Ke7
26. Rd1 Bf3 27. Re1 Kd7 28. Ne2 Rd6 29. Nd4 Be4 30. f3 Bb7 31. Nxf5 Rf6 32.
g4 Bxf3 33. h3 Ra6 34. Kf2 Be4 35. c4 a4 36. b4 Bc2 37. Re2 Bb1 38. a3 Rf6
39. Bd4 Rf7 40. Re5 h5 41. Bc5 hxg4 42. hxg4 Ba2 43. Re7+ Rxe7 44. Bxe7
Bxc4 45. Bxg5 Ke6 46. Ne3 Ba6 47. Bf4 c6 48. g5 Bd3 49. Ke1 Be4 50. Kd2 Kf7
51. Kc3 Ke7 52. Kd4 Bb1 53. Kc5 Be4 54. Nc4 Ke6 55. Nb6 Bc2 56. Kxc6 Kf5
57. Bc1 Ke6 58. Kb5 Kd6 59. Nxa4 Be4 60. Kb6 Bg6 61. Nc5 Ke5 62. a4 Kd6 63.
a5 Ke5 64. a6 Bh5 65. a7 Bf3 66. g6 Kf6 67. Nb7 Kxg6 68. a8=Q Bxb7 69. Qxb7
Kf5 70. Qd5+ Kf6 71. Bb2+ Ke7 72. Qc6 Kf8 73. Qd7 Kg8 74. Qg7# { Black
checkmated } 1-0

[Event "ICC tourney 2532 (25 5)"]
[Site "Internet Chess Club"]
[Date "2021.04.24"]
[Round "1"]
[White "STORM GALE, LIAM:K12-16845608"]
[Black "BONAM, SAIGAUTAM:K12-14765995"]
[Result "0-1"]
[ICCResult "White resigns"]
[WhiteElo "1146"]
[BlackElo "2193"]
[Opening "QGD semi-Slav"]
[ECO "D43"]
[NIC "SL.03"]
[Time "11:02:03"]
[PlyCount "50"]
[TimeControl "1500+5"]

1. d4 d5 2. c4 c6 3. Nf3 Nf6 4. Nc3 e6 5. Bg5 Be7 6. e3 h6 7. Bh4 O-O 8.
Bd3 dxc4 9. Bxc4 b5 10. Bd3 a6 11. O-O Nbd7 12. Rc1 c5 13. b3 cxd4 14. Nxd4
Bb7 15. f3 Rc8 16. Qd2 Bb4 17. Nde2 Qa5 18. e4 Rfd8 19. Qc2 Bxc3 20. Nxc3
b4 21. Qe2 Rxc3 22. Rxc3 bxc3 23. b4 Qc7 24. Bxa6 Qb6+ 25. Kh1 Bxa6 { White
resigns } 0-1

[Event "ICC tourney 2532 (25 5)"]
[Site "Internet Chess Club"]
[Date "2021.04.24"]
[Round "1"]
[White "WADE, WILL:K12-15902787"]
[Black "M ZHANG, ERIC:K12-14668426"]
[Result "0-1"]
[ICCResult "White checkmated"]
[WhiteElo "1156"]
[BlackElo "2204"]
[Opening "Sicilian: Najdorf, 6...e6"]
[ECO "B95"]
[NIC "SI.04"]
[Time "11:02:03"]
[PlyCount "78"]
[TimeControl "1500+5"]

1. e4 c5 2. Nf3 d6 3. d4 cxd4 4. Nxd4 Nf6 5. Nc3 a6 6. Bg5 e6 7. Bc4 Be7 8.
f3 h6 9. Be3 b5 10. Bd3 Bb7 11. Qd2 Nbd7 12. g4 Rc8 13. g5 hxg5 14. Bxg5 b4
15. Nce2 d5 16. Bxf6 Nxf6 17. e5 Nd7 18. Nxe6 Bh4+ 19. Kd1 fxe6 20. Bg6+
Ke7 21. Qxb4+ Nc5 22. Nd4 a5 23. Qa3 Qb6 24. Nb3 a4 25. Nxc5 Qxc5 26. Qxa4
d4 27. Qb3 Bd5 28. Qd3 Rhf8 29. Be4 g5 30. Bxd5 Qxd5 31. Rf1 Qc4 32. Qxc4
Rxc4 33. Kd2 Rfc8 34. Rac1 R4c5 35. f4 gxf4 36. Kd3 Rxe5 37. Kxd4 Bf6 38.
Kd3 Re3+ 39. Kd2 Rd8# { White checkmated } 0-1

[Event "ICC tourney 2532 (25 5)"]
[Site "Internet Chess Club"]
[Date "2021.04.24"]
[Round "1"]
[White "MISYUTIN, VICTOR:K12-17330043"]
[Black "ANGELA ZHENG, CARISSA:K12-15612136"]
[Result "0-1"]
[ICCResult "White resigns"]
[WhiteElo "917"]
[BlackElo "1974"]
[Opening "Queen's pawn, Mason variation"]
[ECO "D00"]
[NIC "QP.08"]
[Time "11:01:55"]
[PlyCount "78"]
[TimeControl "1500+5"]

1. d4 d5 2. Bf4 Nf6 3. e3 Bg4 4. Nf3 e6 5. Nbd2 Nbd7 6. c3 c5 7. Qb3 Qb6 8.
Be2 Be7 9. O-O O-O 10. h3 Bh5 11. Bd3 Qc6 12. Qc2 c4 13. Be2 Bg6 14. Qd1 b5
15. a3 a5 16. Ne5 Nxe5 17. dxe5 Nd7 18. Nf3 Nc5 19. Nd4 Qb6 20. Qd2 Ne4 21.
Qd1 b4 22. f3 Nc5 23. axb4 axb4 24. cxb4 Qxb4 25. Nc6 Qb7 26. Nxe7+ Qxe7
27. Qd4 Rxa1 28. Rxa1 Nb3 29. Qd1 Nxa1 30. Qxa1 Qb4 31. Qc1 Rb8 32. Qf1
Qxb2 33. e4 dxe4 34. fxe4 Bxe4 35. Bxc4 Bxg2 36. Qxg2 Qd4+ 37. Qf2 Qxc4 38.
h4 Rb1+ 39. Kh2 Qe4 { White resigns } 0-1

[Event "ICC tourney 2532 (25 5)"]
[Site "Internet Chess Club"]
[Date "2021.04.24"]
[Round "1"]
[White "ORTIZ, ERIK:K12-17325236"]
[Black "K HARRIS, ALEX:K12-14223018"]
[Result "0-1"]
[ICCResult "White checkmated"]
[WhiteElo "656"]
[BlackElo "1805"]
[Opening "Sicilian: closed"]
[ECO "B23"]
[NIC "SI.44"]
[Time "11:02:23"]
[PlyCount "90"]
[TimeControl "1500+5"]

1. e4 c5 2. Nc3 d6 3. Bb5+ Bd7 4. Bxd7+ Qxd7 5. Nf3 Nf6 6. O-O Nc6 7. d3 e6
8. Re1 O-O-O 9. Bg5 Be7 10. e5 dxe5 11. Nxe5 Nxe5 12. Rxe5 Bd6 13. Bxf6
gxf6 14. Re3 f5 15. Qd2 Bf4 16. Rae1 Rdg8 17. Qe2 Bxe3 18. Qxe3 Qd4 19.
Qxd4 cxd4 20. Nb5 Rd8 21. Na3 Rhe8 22. Nc4 f6 23. f4 b5 24. Nd2 Kb7 25. Kf2
Rc8 26. Rc1 e5 27. fxe5 fxe5 28. c3 e4 29. dxe4 fxe4 30. Re1 e3+ 31. Kg3
exd2 32. Rd1 Re2 33. h4 Rf8 34. cxd4 Rf1 35. Rxf1 Re1 36. Rf7+ Kc8 37. Rf8+
Kd7 38. Rf7+ Ke8 39. Rxh7 d1=Q 40. Rh8+ Kf7 41. Rh7+ Kg8 42. Rxa7 Re3+ 43.
Kh2 Qxd4 44. Ra3 Qxh4+ 45. Kg1 Re1# { White checkmated } 0-1

[Event "ICC tourney 2532 (25 5)"]
[Site "Internet Chess Club"]
[Date "2021.04.24"]
[Round "1"]
[White "JONES, JAVADE:K12-16985577"]
[Black "TEITELMAN, JACOB:K12-15145191"]
[Result "1-0"]
[ICCResult "Black resigns"]
[WhiteElo "432"]
[BlackElo "1689"]
[Opening "Queen's pawn, Mason variation"]
[ECO "D00"]
[NIC "QP.08"]
[Time "11:02:38"]
[PlyCount "73"]
[TimeControl "1500+5"]

1. d4 d5 2. Bf4 e6 3. Nf3 Nf6 4. e3 c5 5. c3 Bd6 6. Ne5 O-O 7. Nd2 b6 8. h3
Bb7 9. Bd3 Nc6 10. O-O Qc7 11. Nxc6 Bxf4 12. exf4 Bxc6 13. Qf3 cxd4 14.
cxd4 Rac8 15. Rac1 Qb7 16. Qe3 Ne4 17. Nf3 Qe7 18. Ne5 Bb7 19. Bb5 Nd6 20.
Bd3 f6 21. Nf3 Nc4 22. Qe2 Nd6 23. Rxc8 Rxc8 24. Re1 Re8 25. Bb5 Nxb5 26.
Qxb5 Rc8 27. f5 Bc6 28. Qe2 Re8 29. fxe6 Bb7 30. Qb5 Rd8 31. Nh4 g6 32. Qd3
Kg7 33. Qg3 Kf8 34. f4 f5 35. Re5 Rd6 36. Nxg6+ hxg6 37. Qxg6 { Black
resigns } 1-0

[Event "ICC tourney 2532 (25 5)"]
[Site "Internet Chess Club"]
[Date "2021.04.24"]
[Round "1"]
[White "ARMIN DONG, CONNOR:K12-14608563"]
[Black "SAXE, ERIC:K12-15062745"]
[Result "1-0"]
[ICCResult "Black checkmated"]
[WhiteElo "1676"]
[BlackElo "412"]
[Opening "Caro-Kann: exchange, Rubinstein variation"]
[ECO "B13"]
[NIC "CK.02"]
[Time "11:01:50"]
[PlyCount "51"]
[TimeControl "1500+5"]

1. e4 c6 2. d4 d5 3. exd5 cxd5 4. Bd3 Nc6 5. c3 Nf6 6. Bf4 Bg4 7. Qb3 Qd7
8. Nd2 e6 9. Ngf3 Be7 10. Ne5 Qc8 11. O-O O-O 12. Qc2 Bh5 13. Ndf3 Bxf3 14.
gxf3 h6 15. Kh1 Nh5 16. Qd2 Nxf4 17. Qxf4 Bf6 18. Rg1 Bg5 19. Rxg5 hxg5 20.
Qxg5 Nxe5 21. dxe5 Rd8 22. Rg1 g6 23. Bxg6 fxg6 24. Qxg6+ Kf8 25. Qg8+ Ke7
26. Rg7# { Black checkmated } 1-0

[Event "ICC tourney 2532 (25 5)"]
[Site "Internet Chess Club"]
[Date "2021.04.24"]
[Round "1"]
[White "ANAND, SANJEEV:K12-14436451"]
[Black "EVANS, COOPER:K12-14988402"]
[Result "1-0"]
[ICCResult "Black forfeits on time"]
[WhiteElo "1753"]
[BlackElo "511"]
[Opening "Ruy Lopez: closed, 8.c3"]
[ECO "C89"]
[NIC "RL.17"]
[Time "11:01:33"]
[PlyCount "73"]
[TimeControl "1500+5"]

1. e4 e5 2. Nf3 Nc6 3. Bb5 a6 4. Ba4 Nf6 5. O-O b5 6. Bb3 Be7 7. Re1 O-O 8.
c3 Na5 9. Bc2 c5 10. d4 Nc6 11. Nxe5 Nxe5 12. dxe5 Ne8 13. Bf4 Nc7 14. Nd2
Ne6 15. Bg3 Bb7 16. Nf3 Qb6 17. Qxd7 Rfe8 18. Qd2 Rad8 19. Qe3 Bc6 20. Rad1
Bd7 21. Nh4 g6 22. f4 Ng7 23. Nf3 Be6 24. a3 Qb8 25. Bf2 Qc8 26. Rxd8 Rxd8
27. Rd1 Bd7 28. Rd5 Ne6 29. h3 Nc7 30. Rd2 Ne6 31. f5 Ng7 32. f6 Bf8 33.
fxg7 Kxg7 34. Qg5 Re8 35. Qf6+ Kg8 36. Ng5 Re7 37. Rd6 { Black forfeits on
time } 1-0

[Event "ICC tourney 2532 (25 5)"]
[Site "Internet Chess Club"]
[Date "2021.04.24"]
[Round "1"]
[White "RAFAEL SANTOS, ENERIO:K12-16804573"]
[Black "REMPE, MIEKE:K12-15043484"]
[Result "0-1"]
[ICCResult "White checkmated"]
[WhiteElo "443"]
[BlackElo "1704"]
[Opening "Caro-Kann: closed (Breyer) variation"]
[ECO "B10"]
[NIC "CK.01"]
[Time "11:10:50"]
[PlyCount "76"]
[TimeControl "1500+5"]

1. e4 c6 2. d3 d5 3. Nc3 dxe4 4. Nxe4 Nd7 5. Be3 Ngf6 6. f4 e6 7. Qd2 Be7
8. O-O-O O-O 9. Be2 a5 10. Nxf6+ Nxf6 11. d4 a4 12. Nf3 a3 13. b3 Nd5 14.
Bc4 Bb4 15. Qd3 Nc3 16. Ng5 g6 17. Rdf1 Nxa2+ 18. Kb1 Nc3+ 19. Ka1 b5 20.
Bd2 Qa5 21. Rf3 bxc4 22. bxc4 Na4 23. Bxb4 Qxb4 24. Qxa3 Nb6 25. Ka2 Rxa3+
26. Rxa3 Qxc4+ 27. Rb3 Bd7 28. Kb2 Na4+ 29. Ka3 Ra8 30. Ka2 Qxc2+ 31. Ka3
Nc5+ 32. Kb4 Qxb3+ 33. Kxc5 Qd5+ 34. Kb6 Qb5+ 35. Kc7 Ra7+ 36. Kd6 Qd5+ 37.
Ke7 Bc8+ 38. Ke8 Qd7# { White checkmated } 0-1

[Event "ICC tourney 2532 (25 5)"]
[Site "Internet Chess Club"]
[Date "2021.04.24"]
[Round "1"]
[White "KARDAVA, DANIIL:K12-15961344"]
[Black "CHEN, JUSTIN:K12-14732288"]
[Result "0-1"]
[ICCResult "White forfeits on time"]
[WhiteElo "1226"]
[BlackElo "2390"]
[Opening "Scotch gambit: Dubois-Réti defense"]
[ECO "C55"]
[NIC "KP.02"]
[Time "11:01:53"]
[PlyCount "98"]
[TimeControl "1500+5"]

1. e4 e5 2. Nf3 Nc6 3. d4 exd4 4. Bc4 Nf6 5. e5 Ng4 6. Bxf7+ Kxf7 7. Ng5+
Kg8 8. Qf3 Bb4+ 9. c3 Ngxe5 10. Qd5+ Kf8 11. O-O Qf6 12. cxb4 Nf7 13. Nxf7
Qxf7 14. Qxf7+ Kxf7 15. a3 d6 16. Nd2 h6 17. Nf3 Bg4 18. Rd1 Bxf3 19. gxf3
a6 20. b3 Rhf8 21. Bb2 Kg8 22. Bxd4 Rxf3 23. Be3 Raf8 24. Rac1 R8f7 25. Rc3
Nd8 26. a4 Ne6 27. b5 axb5 28. axb5 b6 29. Rdc1 R3f5 30. Re1 Re7 31. Bd4
Kf8 32. Rce3 Nxd4 33. Rxe7 Nf3+ 34. Kf1 Nxe1 35. Rxe1 Rxb5 36. Rc1 c5 37.
Rc3 Rb4 38. Ke2 d5 39. Rd3 Re4+ 40. Kf3 Rd4 41. Rxd4 cxd4 42. Ke2 Ke7 43.
Kd3 Ke6 44. Kxd4 Kd6 45. f3 Ke6 46. b4 Kd6 47. b5 Ke6 48. h3 Kd6 49. f4 g6
{ White forfeits on time } 0-1

[Event "ICC tourney 2532 (25 5)"]
[Site "Internet Chess Club"]
[Date "2021.04.24"]
[Round "1"]
[White "KATE LEE, YESUN:K12-15365623"]
[Black "EMARA, ZIYAD:K12-16012428"]
[Result "1-0"]
[ICCResult "Black resigns"]
[WhiteElo "1891"]
[BlackElo "764"]
[Opening "Queen's bishop game"]
[ECO "D02"]
[NIC "QP.08"]
[Time "11:01:45"]
[PlyCount "79"]
[TimeControl "1500+5"]

1. d4 d5 2. Nf3 Nf6 3. Bf4 Nc6 4. e3 a6 5. a3 Bf5 6. Be2 e6 7. O-O Bd6 8.
Bg5 h6 9. Bh4 g5 10. Bg3 Bxg3 11. hxg3 Qe7 12. Nbd2 Ne4 13. c4 O-O-O 14.
Rc1 h5 15. Nxe4 Bxe4 16. Nd2 Bf5 17. Bxh5 Rh7 18. g4 Be4 19. f3 Bg6 20.
Bxg6 fxg6 21. b4 e5 22. cxd5 exd4 23. e4 Ne5 24. Nb3 Rf8 25. Qxd4 Rfh8 26.
Nc5 Nxg4 27. fxg4 Rh1+ 28. Kf2 Rf8+ 29. Ke2 Rhxf1 30. Rxf1 Re8 31. Ne6 c6
32. Rc1 Qd7 33. Qa7 Qd6 34. Qa8+ Qb8 35. Rxc6+ Kd7 36. Qxb8 Rxb8 37. Rc7+
Kd6 38. Kd3 Re8 39. Rxb7 Rxe6 40. dxe6 { Black resigns } 1-0

[Event "ICC tourney 2532 (25 5)"]
[Site "Internet Chess Club"]
[Date "2021.04.24"]
[Round "1"]
[White "J ZHANG, ERIC:K12-16995898"]
[Black "DUSK RUBENSTEIN, OLIVER:K12-14452644"]
[Result "1-0"]
[ICCResult "Black resigns"]
[WhiteElo "1809"]
[BlackElo "660"]
[Opening "Sicilian: Prins (Moscow) variation"]
[ECO "B55"]
[NIC "SI.01"]
[Time "11:02:22"]
[PlyCount "53"]
[TimeControl "1500+5"]

1. e4 c5 2. Nf3 d6 3. d4 cxd4 4. Nxd4 Nf6 5. f3 g6 6. c4 Nc6 7. Nc3 Bg7 8.
Be3 Bd7 9. Qd2 O-O 10. Be2 h5 11. O-O a6 12. a3 a5 13. Ndb5 a4 14. Qc2 Qa5
15. h3 Rfc8 16. f4 Kf8 17. Rad1 Qa6 18. c5 Na5 19. Nxd6 Qc6 20. Nxc8 Rxc8
21. e5 Ng8 22. Bb5 Qxb5 23. Nxb5 Bxb5 24. Rf2 Nc4 25. Bd4 Nh6 26. e6 f6 27.
Qxg6 { Black resigns } 1-0

[Event "ICC tourney 2532 (25 5)"]
[Site "Internet Chess Club"]
[Date "2021.04.24"]
[Round "1"]
[White "CHEN, ANDREW:K12-16560451"]
[Black "HAN, JACOB:K12-14896205"]
[Result "0-1"]
[ICCResult "White checkmated"]
[WhiteElo "827"]
[BlackElo "1905"]
[Opening "Three knights game"]
[ECO "C46"]
[NIC "KP.06"]
[Time "11:01:55"]
[PlyCount "52"]
[TimeControl "1500+5"]

1. e4 e5 2. Nf3 Nc6 3. Nc3 Bb4 4. Bc4 Nf6 5. a3 Bc5 6. Ng5 O-O 7. d3 h6 8.
Nf3 d6 9. O-O Bg4 10. h3 Bh5 11. b4 Bb6 12. Be3 Nd4 13. Nd5 Nxd5 14. exd5
Nxf3+ 15. gxf3 f5 16. Bc1 e4 17. dxe4 fxe4 18. Qe1 Qh4 19. Qc3 Qg3+ 20. Kh1
Qxh3+ 21. Kg1 Qg3+ 22. Kh1 Bxf3+ 23. Qxf3 Qxf3+ 24. Kh2 Rf5 25. Rb1 Rh5+
26. Kg1 Rh1# { White checkmated } 0-1

[Event "ICC tourney 2532 (25 5)"]
[Site "Internet Chess Club"]
[Date "2021.04.24"]
[Round "1"]
[White "VOLETI, RAGHURAM:K12-17216716"]
[Black "MORAN, ELLA:K12-14650774"]
[Result "0-1"]
[ICCResult "White checkmated"]
[WhiteElo "598"]
[BlackElo "1786"]
[Opening "French defense"]
[ECO "C00"]
[NIC "FR.01"]
[Time "11:21:32"]
[PlyCount "106"]
[TimeControl "1500+5"]

1. e4 e6 2. Nc3 d5 3. exd5 exd5 4. d4 Nf6 5. Bf4 c6 6. Qe2+ Be7 7. g3 O-O
8. Bg2 Re8 9. Qd2 Bb4+ 10. Nge2 Bf5 11. a3 Ne4 12. Bxe4 Bxe4 13. Rf1 Ba5
14. b4 Bc7 15. Bg5 f6 16. Be3 Bg6 17. f4 Qe7 18. Nd1 Nd7 19. c3 Nb6 20. Nb2
Qxe3 21. Qxe3 Rxe3 22. Rc1 Rae8 23. Rf2 Bh5 24. Rc2 Bxe2 25. Rfxe2 Rxe2+
26. Rxe2 Rxe2+ 27. Kxe2 Kf7 28. Kd3 Ke6 29. c4 dxc4+ 30. Nxc4 Nxc4 31. Kxc4
Bb6 32. a4 a6 33. a5 Ba7 34. h3 h5 35. g4 hxg4 36. hxg4 g5 37. f5+ Kd6 38.
d5 cxd5+ 39. Kd3 Ke5 40. Ke2 Kf4 41. Kd3 Kxg4 42. Kc3 Kxf5 43. Kb3 g4 44.
Ka4 g3 45. b5 axb5+ 46. Kxb5 g2 47. a6 bxa6+ 48. Kxa6 g1=Q 49. Kb7 Qb6+ 50.
Kc8 Qc6+ 51. Kd8 Qb7 52. Ke8 Ke6 53. Kf8 Qf7# { White checkmated } 0-1